 Dungeon Sprint DCSS version 0.19-a0-1903-gead39cf (webtiles) character file.

16429 LORDOFBUTT the Eviscerator (level 12, 0/60 HPs)
             Began as a Felid Berserker on Oct 20, 2016.
             Was the Champion of Trog.
             Slain by a merfolk impaler
             ... wielding a +0 demon trident of electrocution
              (7 damage)
             ... in the Dungeon (Sprint IX: "|||||||||||||||||||||||||||||").
             The game lasted 00:06:41 (2287 turns).

LORDOFBUTT the Eviscerator (Felid Berserker)        Turns: 2287, Time: 00:06:43

Health: 0/60       AC:  3    Str: 16    XL:     12   Next: 10%
Magic:  13/13      EV: 34    Int:  8    God:    Trog [******]
Gold:   1900       SH:  0    Dex: 21    Spells: 0 memorised, 11 levels left
                                        Lives:  0   Deaths: 3

rFire  . . .     SeeInvis +       - Unarmed
rCold  + . .     Gourm    .     (armour unavailable)
rNeg   . . .     Faith    .     (shield unavailable)
rPois  .         Spirit   .     (helmet unavailable)
rElec  .         Reflect  .     (cloak unavailable)
rCorr  .         Harm     .     (gloves unavailable)
MR     +....     NoTele   +     (boots unavailable)
Stlth  +++++++++.               (no amulet)
                                q - ring of stealth
                                l - +3 ring of strength

@: mesmerised, quick
A: no armour, no weapons or thrown items, stealth, claws 1, fangs 3, see
invisible, carnivore 3, speed 1, shaggy fur 3, slow metabolism 1, sharp paws
a: Berserk, Trog's Hand, Brothers in Arms, Burn Spellbooks, Renounce Religion


You were in the Dungeon.
You worshipped Trog.
Trog was exalted by your worship.
You were not hungry.

You visited 1 branch You collected 1900 gold pieces.

Inventory:

Jewellery
 k - a +3 ring of intelligence
 l - a +3 ring of strength (left paw)
 q - a ring of stealth (right paw)
 s - an uncursed ring of protection from magic
 t - an uncursed ring of poison resistance
Wands
 j - a wand of iceblast (7/15)
 m - a wand of confusion (35/48)
 r - a wand of random effects (22/48)
Scrolls
 g - a scroll of blinking
 i - 5 scrolls of remove curse
 o - 2 scrolls of recharging
 p - 4 scrolls of identify
 v - a scroll of fear
Potions
 b - 5 potions of curing
 c - a potion of invisibility
 d - 2 potions of haste
 e - 4 potions of magic
 f - a potion of berserk rage
 h - 4 potions of heal wounds
 n - 3 potions of cure mutation
 u - 2 potions of resistance
 w - a potion of might {unknown}
Comestibles
 a - 13 meat rations


   Skills:
 + Level 11.0 Fighting
 + Level 17.0 Dodging
 * Level 21.7 Stealth
 + Level 22.4 Unarmed Combat


You had 11 spell levels left.
You didn't know any spells.

Dungeon Overview and Level Annotations

Branches:
Dungeon (1/1)

Altars:
Cheibriados
Dithmenos
Elyvilon
Fedhas
Gozag
Hepliaklqana
Kikubaaqudgha
Makhleb
Nemelex Xobeh
Okawaru
Qazlal
Ru
Sif Muna
Trog
Uskayaw
Vehumet
Xom
Yredelemnul
Zin
The Shining One
Beogh
Jiyva
Lugonu

Shops:
D =(=[


Innate Abilities, Weirdness & Mutations

You cannot wear armour.
You are incapable of wielding weapons or throwing items.
Your paws allow you to move quietly. (Stealth)
You have sharp claws.
You have razor-sharp teeth.
You have supernaturally acute eyesight. (SInv)
You are carnivorous and can eat meat at any time.
You cover ground quickly.
Your thick and shaggy fur keeps you warm. (AC +3, rC+)
You have a slow metabolism.
Your sharp claws are effective at attacking unaware monsters.


Message History

The manticore completely misses you.
As you read the scroll of fear, it crumbles to dust.
You assume a fearsome visage.
The merfolk avatar resists with almost no effort.
The merfolk javelineer looks frightened!
The wind drake resists with some effort.
The merfolk looks frightened!
The merfolk impaler looks frightened!
The manticore looks frightened!
Cornered, the merfolk impaler turns to fight!
Cornered, the merfolk turns to fight!
You cannot move away from the merfolk avatar!
You cannot move away from the merfolk avatar!
You cannot move away from the merfolk avatar!
You catch the helpless manticore completely off-guard!
You eviscerate the manticore!!!
You kill the manticore!
Trog accepts your kill.
Your Fighting skill increases to level 11!
The merfolk impaler hits you from afar with a demon trident of electrocution!
You die...

_▓.▓.▓.▓.▓.▓[▓.▓
_▓.▓.▓.▓.▓.▓[▓.▓+▓
_▓.▓.▓)▓.▓.▓[▓.▓m▓
_▓.▓÷▓.▓.▓.▓.▓.▓m▓
_▓.▓÷▓.▓)▓.▓)▓.▓k▓
_▓.▓†▓.▓)▓.▓)▓.▓m▓
_▓.▓†▓.▓.▓.▓)▓.▓m▓
_▓.▓?▓.▓)▓.▓)▓.▓.▓
_▓.▓.▓.▓)▓.▓)▓.▓@▓
_▓.▓.▓.▓.▓.▓)▓.▓C▓
'▓.▓?▓.▓)▓.▓)▓)▓.▓
.▓.▓.▓.▓)▓.▓)▓.▓'▓
.▓.▓)▓.▓)▓.▓.▓.▓.▓
.▓.▓.▓.▓)▓.▓.▓.▓.▓
.▓.▓.▓.▓.▓.▓=▓.▓.▓
)▓.▓.▓.▓(▓.▓=▓.▓.▓
'▓.▓.▓.▓.▓.▓.▓.▓.▓


You could see a merfolk avatar, a merfolk impaler, a merfolk javelineer
(fleeing), a wind drake, a merfolk and a friendly stone giant (berserk).

Vanquished Creatures
  Frances (D)
  A stone giant (D)
  A great orb of eyes (D)
  Josephine (D)
  2 hydras (D)
  A merfolk avatar (D)
  8 death yaks (D)
  5 ogre magi (D)
  A deep troll earth mage (D)
  An unseen horror (D)
  A hill giant (D)
  An ugly thing (D)
  A manticore (D)
  2 deep elf magi (D)
  2 spiny frogs (D)
  A komodo dragon (D)
  A merfolk (D)
  A wind drake (D)
  A slime creature (D)
  5 two-headed ogres (D)
  2 hippogriffs (D)
  2 blink frogs (D)
  6 wraiths (D)
  3 yaks (D)
  Grum (D)
  A soldier ant (shapeshifter) (D)
  3 water moccasins (D)
  A porcupine (D)
  10 orc warriors (D)
  5 ogres (D)
  A boggart (D)
  3 wolves (D)
  2 crocodiles (D)
  2 big kobolds (D)
  5 bullfrogs (D)
  A wight (D)
  5 orc priests (D)
  2 orc wizards (D)
  2 iguanas (D)
  2 worker ants (D)
  An adder (D)
  An adder skeleton (D)
  A leopard gecko (D)
  7 orcs (D)
  A bat skeleton (D)
  A jackal (D)
  A kobold (D)
  A quokka skeleton (D)
  3 rats (D)
114 creatures vanquished.

Vanquished Creatures (collateral kills)
  An orc knight (D)
  An orc priest (D)
2 creatures vanquished.

Grand Total: 116 creatures vanquished

Notes
Turn   | Place    | Note
-------+----------+-------------------------------------------
     0 | D        | LORDOFBUTT the Felid Berserker began the quest for the Orb.
     0 | D        | Reached XP level 1. HP: 10/10 MP: 2/2
    11 | D        | Reached ** piety under Trog
    32 | D        | Noticed an iguana
    32 | D        | Noticed an ogre
    32 | D        | Noticed an iguana
    36 | D        | Reached skill level 1 in Stealth
    36 | D        | Reached XP level 2. HP: 12/15 MP: 3/3
    47 | D        | Reached *** piety under Trog
    47 | D        | Reached skill level 5 in Dodging
    47 | D        | Reached skill level 4 in Unarmed Combat
    47 | D        | Reached XP level 3. HP: 18/18 MP: 4/4
    56 | D        | Killed an ogre
    56 | D        | Reached skill level 5 in Fighting
    56 | D        | Reached skill level 5 in Stealth
    56 | D        | Reached skill level 6 in Unarmed Combat
    56 | D        | Reached XP level 4. HP: 23/23 MP: 5/5
    64 | D        | Reached XP level 5. HP: 27/27 MP: 6/6
    87 | D        | Found a roughly hewn altar of Beogh.
    87 | D        | Found a snail-covered altar of Cheibriados.
    87 | D        | Found a shadowy altar of Dithmenos.
    87 | D        | Found a white marble altar of Elyvilon.
    87 | D        | Found a blossoming altar of Fedhas.
    87 | D        | Found an opulent altar of Gozag.
    88 | D        | Found a hazy altar of Hepliaklqana.
    89 | D        | Found a viscous altar of Jiyva.
    90 | D        | Found an ancient bone altar of Kikubaaqudgha.
    91 | D        | Found a corrupted altar of Lugonu.
    92 | D        | Found a burning altar of Makhleb.
    93 | D        | Found a sparkling altar of Nemelex Xobeh.
    94 | D        | Found an iron altar of Okawaru.
    95 | D        | Found a stormy altar of Qazlal.
    96 | D        | Found a sacrificial altar of Ru.
    97 | D        | Found a deep blue altar of Sif Muna.
    98 | D        | Found a bloodstained altar of Trog.
    99 | D        | Found a hide-covered altar of Uskayaw.
   100 | D        | Found a radiant altar of Vehumet.
   101 | D        | Found a shimmering altar of Xom.
   102 | D        | Found a basalt altar of Yredelemnul.
   103 | D        | Found a glowing silver altar of Zin.
   104 | D        | Found a glowing golden altar of the Shining One.
   129 | D        | Noticed a hippogriff
   133 | D        | Reached **** piety under Trog
   137 | D        | Killed a hippogriff
   137 | D        | Reached skill level 8 in Unarmed Combat
   137 | D        | Gained mutation: You are covered in thick fur. (AC +2) [Felid growth]
   137 | D        | Reached XP level 6. HP: 31/33 MP: 7/7
   142 | D        | Reached skill level 10 in Dodging
   142 | D        | Reached skill level 9 in Unarmed Combat
   147 | D        | Reached ***** piety under Trog
   211 | D        | Noticed a hill giant
   211 | D        | Noticed a soldier ant
   211 | D        | Noticed an orc warrior
   211 | D        | Noticed an eight-headed hydra
   211 | D        | Noticed a wraith
   213 | D        | Killed a wraith
   213 | D        | Reached XP level 7. HP: 31/36 MP: 8/8
   215 | D        | Killed an eight-headed hydra
   215 | D        | Reached skill level 11 in Unarmed Combat
   215 | D        | Reached XP level 8. HP: 36/42 MP: 9/9
   229 | D        | Reached skill level 12 in Unarmed Combat
   233 | D        | Killed a hill giant
   233 | D        | Reached XP level 9. HP: 46/46 MP: 10/10
   350 | D        | Noticed a spiny frog
   351 | D        | Noticed a four-headed hydra
   352 | D        | Killed a spiny frog
   352 | D        | Reached skill level 13 in Unarmed Combat
   370 | D        | Killed a four-headed hydra
   370 | D        | Reached ****** piety under Trog
   370 | D        | Reached skill level 10 in Fighting
   370 | D        | Reached skill level 14 in Unarmed Combat
   399 | D        | Noticed a death yak
   399 | D        | Noticed a spiny frog
   402 | D        | Noticed a komodo dragon
   403 | D        | Killed a spiny frog
   403 | D        | Reached XP level 10. HP: 28/51 MP: 11/11
   405 | D        | Reached skill level 15 in Stealth
   405 | D        | Reached skill level 15 in Unarmed Combat
   416 | D        | Mangled by a death yak
   417 | D        | Reached XP level 9. HP: -7/46 MP: 10/10
   492 | D        | Mangled by a komodo dragon
   493 | D        | Reached XP level 8. HP: -9/43 MP: 9/9
   639 | D        | Killed a komodo dragon
   665 | D        | Killed a death yak
   665 | D        | Reached XP level 9. HP: 46/46 MP: 10/10
   678 | D        | Noticed a death yak
   678 | D        | Noticed a death yak
   678 | D        | Noticed a death yak
   678 | D        | Noticed a death yak
   678 | D        | Noticed a death yak
   685 | D        | Noticed a death yak
   687 | D        | Killed a death yak
   687 | D        | Reached skill level 16 in Unarmed Combat
   688 | D        | Noticed a death yak
   707 | D        | Killed a death yak
   713 | D        | Killed a death yak
   713 | D        | Reached skill level 15 in Dodging
   713 | D        | Reached XP level 10. HP: 37/51 MP: 11/11
   717 | D        | Killed a death yak
   717 | D        | Reached skill level 17 in Unarmed Combat
   724 | D        | Killed a death yak
   727 | D        | Killed a death yak
   733 | D        | Killed a death yak
   733 | D        | Reached skill level 18 in Unarmed Combat
   975 | D        | Noticed Grum
   991 | D        | Killed Grum
  1150 | D        | Reached XP level 11. HP: 55/55 MP: 12/12
  1154 | D        | Noticed an orc knight
  1532 | D        | Killed an orc knight
  1572 | D        | Found Neakhylu's Antique Armour Boutique.
  1575 | D        | Found Curos's Jewellery Shop.
  1579 | D        | Reached skill level 19 in Unarmed Combat
  1582 | D        | Noticed an ogre mage
  1585 | D        | Found Cifirof's Antique Weapon Boutique.
  1596 | D        | Killed an ogre mage
  1598 | D        | Found Pypauf's Jewellery Shop.
  1600 | D        | Noticed an ogre mage
  1601 | D        | Noticed an ogre mage
  1603 | D        | Noticed an ogre mage
  1608 | D        | Killed an ogre mage
  1612 | D        | Killed an ogre mage
  1614 | D        | Killed from afar by an ogre mage
  1615 | D        | Reached XP level 10. HP: -5/76 MP: 11/11
  1718 | D        | Reached skill level 20 in Unarmed Combat
  1722 | D        | Killed an ogre mage
  1770 | D        | Noticed Josephine
  1788 | D        | Killed Josephine
  1796 | D        | Reached XP level 11. HP: 53/55 MP: 12/12
  1914 | D        | Noticed an unseen horror
  1914 | D        | Noticed a deep elf mage
  1915 | D        | Noticed a deep elf mage
  1918 | D        | Killed a deep elf mage
  1919 | D        | Noticed an ogre mage
  1934 | D        | Noticed a deep troll earth mage
  1935 | D        | Killed an unseen horror
  1939 | D        | Killed a deep elf mage
  1941 | D        | Killed an ogre mage
  1941 | D        | Reached skill level 21 in Unarmed Combat
  1942 | D        | Noticed a great orb of eyes
  1949 | D        | Noticed a stone giant
  1951 | D        | Killed a deep troll earth mage
  1952 | D        | Paralysed by a great orb of eyes for 3 turns
  1954 | D        | Noticed a purple ugly thing
  1961 | D        | Killed a great orb of eyes
  1966 | D        | HP: 2/55 [stone giant (32)]
  1967 | D        | Killed a stone giant
  1977 | D        | Killed a purple ugly thing
  2208 | D        | Noticed Frances
  2222 | D        | Killed Frances
  2222 | D        | Reached skill level 22 in Unarmed Combat
  2270 | D        | Noticed a merfolk impaler
  2270 | D        | Noticed a merfolk avatar
  2272 | D        | Killed a merfolk avatar
  2272 | D        | Gained mutation: Your thick and shaggy fur keeps you warm. (AC +3, rC+) [Felid growth]
  2272 | D        | Reached XP level 12. HP: 58/59 MP: 13/13
  2273 | D        | Noticed a merfolk javelineer
  2275 | D        | Noticed a merfolk avatar
  2287 | D        | Slain by a merfolk impaler

Vault maps used:
D:        linesprint

Skill      XL: |  1  2  3  4  5  6  7  8  9 10 11 12 |
---------------+-------------------------------------+-----
Stealth        | 1 3 5 8 9 11 16 17 18 21 | 21.7
Fighting       | 4 5 7 9 10 11 | 11.0
Dodging        | 5 7 8 9 10 12 13 15 17 | 17.0
Unarmed Combat | 4 6 8 9 11 12 16 20 22 | 22.4

Action                   |  1- 3 |  4- 6 |  7- 9 | 10-12 || total
-------------------------+-------+-------+-------+-------++-------
Melee: Unarmed           |    29 |    23 |   102 |   234 ||   388
       Punch             |     4 |     1 |     7 |    30 ||    42
       Bite              |     3 |     4 |    17 |    37 ||    61
Invok: Berserk           |     1 |     1 |     3 |     6 ||    11
       Brothers in Arms  |       |       |       |     3 ||     3
  Use: Potion            |     1 |       |       |     4 ||     5
       Scroll            |       |       |       |     2 ||     2
 Stab: Sleeping          |       |     1 |     6 |     7 ||    14
       Distracted        |       |       |     1 |     1 ||     2
       Fleeing           |       |       |       |     1 ||     1
  Eat: Chunk             |       |     8 |     8 |    11 ||    27
Armor: Skin              |       |       |     4 |     1 ||     5
Dodge: Dodged            |    28 |    18 |    57 |   138 ||   241
